 Dungeon Sprint DCSS version 0.30-a0-808-g6e0788376e (webtiles) character file.

Game seed: 17846937482398195577

272 rocky1 the Spear-Bearer (level 6, -19/51 HPs)
             Began as a Merfolk Gladiator on Feb 26, 2023.
             Demolished by Menkaure (22 damage)
             ... in the Dungeon (Sprint II: "The Violet Keep of Menkaure").
             The game lasted 00:00:54 (75 turns).

rocky1 the Spear-Bearer (Merfolk Gladiator)           Turns: 75, Time: 00:00:54

Health: -19/51     AC:  4    Str: 16    XL:     6   Next: 23%
Magic:  6/6        EV: 17    Int:  7    God:
Gold:   243        SH:  0    Dex: 16    Spells: 5/5 levels left

rFire   . . .      SeeInvis .    a - +0 trident
rCold   . . .      Faith    .    (no shield)
rNeg    . . .      Spirit   .    b - +0 leather armour
rPois   .          Reflect  .    c - +0 helmet
rElec   .          Harm     .    (no cloak)
rCorr   .          Rampage  .    (no gloves)
Will    .....      NoTele   +    (no boots)
Stlth   +                        (no amulet)
HPRegen 0.28/turn                (no ring)
MPRegen 0.10/turn                (no ring)

@: no status effects
A: (nimble swimmer 2), mertail
a: no special abilities


You were in the Dungeon.
You visited 1 branch You collected 243 gold pieces.

Inventory:

Hand Weapons
 a - a +0 trident (weapon)
Missiles
 d - 2 throwing nets (quivered)
 e - a javelin
Armour
 b - a +0 leather armour (worn)
 c - a +0 helmet (worn)
Scrolls
 k - a scroll of blinking
Potions
 i - 2 potions of magic
 j - a potion of berserk rage


   Skills:
 + Level 5.3 Fighting
 + Level 11.1 Polearms
 + Level 4.5 Throwing
 + Level 0.3 Armour
 + Level 10.5 Dodging


You had 5 spell levels left.
You didn't know any spells.
Your spell library was empty.

Dungeon Overview and Level Annotations

Branches:
Dungeon (1/1)

Altars:

Annotations:
D Menkaure


Innate Abilities, Weirdness & Mutations

((You are very nimble when in or above water. (Stealth+, EV+, Speed+++)))
Your lower body shifts to a powerful aquatic tail in water.


Message History

* * * LOW HITPOINT WARNING * * *
You miss the water moccasin.
The water moccasin is almost dead.
The water moccasin bites you but does no damage.
Menkaure calls on the powers of darkness!
The water moccasin convulses!
Your body is wracked with pain!
* * * LOW HITPOINT WARNING * * *
You closely miss the water moccasin.
The water moccasin is almost dead.
The water moccasin misses you.
You closely miss the water moccasin.
The water moccasin is almost dead.
The water moccasin barely misses you.
You closely miss the water moccasin.
The water moccasin is almost dead.
The water moccasin bites you.
* * * LOW HITPOINT WARNING * * *
You hit the water moccasin.
You kill the water moccasin!
Your Polearms skill increases to level 11!
Unknown command.
Reach: a) +0 trident
Press: ? - help, Dir - move target, f - Menkaure
Aim: Menkaure (almost destroyed, about 21% to evade your +0 trident)
You reach to attack!
You hit Menkaure but do no damage.
Menkaure is almost destroyed.
Reach: a) +0 trident
Press: ? - help, Dir - move target, f/p - Menkaure
Aim: Menkaure (almost destroyed, about 21% to evade your +0 trident)
You barely miss Menkaure.
Menkaure is almost destroyed.
Unknown command.
You hit Menkaure.
Menkaure is almost destroyed.
Menkaure casts a spell.
Menkaure seems to speed up.
You hit Menkaure.
Menkaure is almost destroyed.
Menkaure hits you!!
You die...

## .# ### .##
#+# #.##..#
##.###.@#..#
+.<.†.##M..#
##.###..#....#
#+#
#.##......~
### ~.§§..~
§~~~..~
§§§~~.~
≈≈§~~§~
≈≈§§§§§


You could see Menkaure (fast).

Vanquished Creatures
  A water moccasin (D)
  4 scorpions (D)
5 creatures vanquished.

Notes
Turn   | Place    | Note
-------+----------+-------------------------------------------
     0 | D        | rocky1 the Merfolk Gladiator began the quest for the Orb.
     0 | D        | Reached XP level 1. HP: 16/16 MP: 1/1
     1 | D        | Noticed a scorpion
     1 | D        | Noticed a scorpion
     1 | D        | Noticed a scorpion
     1 | D        | Noticed a scorpion
    21 | D        | Killed a scorpion
    22 | D        | Reached skill level 7 in Polearms
    22 | D        | Reached XP level 2. HP: 24/24 MP: 2/2
    22 | D        | Reached XP level 3. HP: 29/29 MP: 3/3
    22 | D        | Reached XP level 4. HP: 35/35 MP: 4/4
    32 | D        | Killed a scorpion
    33 | D        | Reached skill level 8 in Polearms
    33 | D        | Reached XP level 5. HP: 41/42 MP: 5/5
    40 | D        | Reached skill level 9 in Polearms
    45 | D        | Reached skill level 5 in Fighting
    45 | D        | Reached skill level 10 in Polearms
    45 | D        | Reached skill level 10 in Dodging
    45 | D        | Reached XP level 6. HP: 30/51 MP: 6/6
    52 | D        | Noticed Menkaure
    52 | D        | Noticed a water moccasin
    70 | D        | HP: 2/51 [water moccasin (3)]
    71 | D        | Killed a water moccasin
    72 | D        | Reached skill level 11 in Polearms
    75 | D        | Demolished by Menkaure

Illustrated notes

Levels and vault maps discovered:
D:        the_violet_keep_of_menkaure [sprint2_stairs_cluster_1,
          sprint2_shoproom, sprint2_temple, sprint2_basic_supplies,
          sprint2_obstacle_7, sprint2_obstacle_6, sprint2_obstacle_5,
          sprint2_obstacle_3, sprint2_obstacle_4, sprint2_timed_cluster_1,
          sprint2_smallroom_cluster_1, sprint2_smallroom_final_cluster_1,
          sprint2_transparent_cluster_1, sprint2_second_timed_cluster_1,
          sprint2_sniper_area_1, sprint2_heavy_combat_area_1,
          sprint2_mutation_trap_area_1, sprint2_forest_area_1,
          sprint2_light_combat_area_1, sprint2_behind_water_1,
          sprint2_near_end_vault_1]

Skill      XL: |  1  2  3  4  5  6 |
---------------+-------------------+-----
Fighting       | 3 4 5 |  5.3
Polearms       | 7 8 10 11 | 11.1
Dodging        | 7 8 10 | 10.5
Throwing       | 3 4 |  4.5
Armour         | |  0.3

Action                     |  1- 3 |  4- 6 || total
---------------------------+-------+-------++-------
  Melee: Trident           |    18 |    41 ||    59
  Throw: Throwing net      |       |     3 ||     3
    Use: Potion            |     2 |     1 ||     3
 Armour: Leather armour    |       |     2 ||     2
  Dodge: Dodged            |    13 |    15 ||    28

Table legend: (Time is in decaauts)
 A = Elapsed time spent in this place.
 B = Non-inter-level travel time spent in this place.
 C = Inter-level travel time spent in this place.
 D = Time resting spent in this place.
 E = Time spent auto-exploring this place.
 F = Levels seen in this place.
 G = Mean time per level.
                   A        B        C        D        E       F      G
               +--------+--------+--------+--------+--------+-----+--------+
         Total |     50 |     50 |      0 |      0 |      0 |   1 |   50.0 |
       Dungeon |     50 |     50 |      0 |      0 |      0 |   1 |   50.0 |
               +--------+--------+--------+--------+--------+-----+--------+

Top non-repeatable levels by time:
       D: 50 daAuts
